 Dungeon Crawl Stone Soup version 0.26-a0-937-g67df3f2acb (webtiles) character file.

Game seed: 8875356565766738838

128 Descartes the Covert (level 4, -1/21 HPs)
             Began as a Felid Delver on Nov 27, 2020.
             Slain by a centaur (7 damage)
             ... on level 4 of the Dungeon.
             The game lasted 00:01:35 (714 turns).

Descartes the Covert (Felid Delver)                  Turns: 714, Time: 00:01:35

Health: -1/21      AC:  1    Str:  9    XL:     4   Next: 86%
Magic:  5/5        EV: 21    Int: 11    God:
Gold:   42         SH:  0    Dex: 17    Spells: 3/3 levels left
                                        Lives:  0   Deaths: 1

rFire    . . .     SeeInvis +     - Unarmed
rCold    . . .     Faith    .   (shield unavailable)
rNeg     . . .     Spirit   .   (armour unavailable)
rPois    .         Reflect  .   (helmet unavailable)
rElec    .         Harm     .   (cloak unavailable)
rCorr    .         Rampage  .   (gloves unavailable)
MR       .....                  (boots unavailable)
Stlth    ++++......             (no amulet)
HPRegen  0.07/turn              (no ring)
MPRegen  0.09/turn              (no ring)

@: quick
A: very small, no armour, no weapons or thrown items, stealth, claws 1, fangs 3,
see invisible, speed 1, shaggy fur 1, sharp paws
a: no special abilities


You were on level 4 of the Dungeon.
You visited 2 branches of the dungeon, and saw 3 of its levels.

You collected 42 gold pieces.

Inventory:

Wands
 e - a wand of digging (3)
 j - a wand of paralysis (12) (quivered)
Scrolls
 a - a scroll of fog
 b - a scroll of magic mapping
 c - a scroll of fear
 g - a scroll of blinking {unknown}
Potions
 d - 2 potions of haste
 f - a potion of attraction {unknown}
 h - a potion of flight {unknown}
 i - a potion of curing {unknown}


   Skills:
 - Level 3.0 Fighting
 + Level 5.5 Dodging
 + Level 8.5 Stealth
 - Level 2.0 Unarmed Combat


You had 3 spell levels left.
You didn't know any spells.
Your spell library was empty.

Dungeon Overview and Level Annotations

Branches:
Dungeon (5/15)             Temple (1/1) D:5

Altars:
Cheibriados
Elyvilon
Kikubaaqudgha
Makhleb
Okawaru
Qazlal
Ru
Sif Muna
Trog
Wu Jian
Xom
Yredelemnul
Zin
The Shining One

Shops:
D:5 (


Innate Abilities, Weirdness & Mutations

You cannot wear armour.
You are incapable of wielding weapons or throwing items.
Your paws allow you to move quietly. (Stealth)
You have sharp claws.
You have razor-sharp teeth.
You have supernaturally acute eyesight. (SInv)
You cover ground quickly.
You are covered in fur. (AC +1)
Your sharp claws are effective at attacking unaware monsters.


Message History

The centaur barely misses you.
The leopard gecko skeleton barely misses you.
The centaur hits you.
You scratch the centaur.
The centaur is severely wounded.
The centaur hits you.
* * * LOW HITPOINT WARNING * * *
The leopard gecko skeleton closely misses you.
You are too injured to fight recklessly!
You are too injured to fight recklessly!
You are too injured to fight recklessly!
You are too injured to fight recklessly!
You scratch the centaur.
The centaur is almost dead.
The centaur barely misses you.
The leopard gecko skeleton barely misses you.
You scratch the centaur but do no damage.
The centaur is severely wounded.
The centaur barely misses you. The centaur hits you!
You die...

#.......
#.......
#......#
#......##+###
#............
#............
#............
#....Z.#
#....@.#
#...c..#
#......#
#......#
#.$....#
#.......
#.......
#.......#


You could see a centaur and a leopard gecko skeleton.

Vanquished Creatures
  An ogre (D:5)
  A centaur (D:5)
  A quokka (D:5)
  A frilled lizard (D:5)
  A jackal skeleton (D:5)
5 creatures vanquished.

Notes
Turn   | Place    | Note
-------+----------+-------------------------------------------
     0 | D:5      | Descartes the Felid Delver began the quest for the Orb.
     0 | D:5      | Reached XP level 1. HP: 10/10 MP: 2/2
   133 | D:5      | Found Weskir's Weapon Boutique.
   134 | D:5      | Noticed a centaur
   142 | D:5      | Killed a centaur
   143 | D:5      | Reached skill level 7 in Stealth
   143 | D:5      | Reached XP level 2. HP: 7/14 MP: 3/3
   143 | D:5      | Reached XP level 3. HP: 9/17 MP: 4/4
   143 | D:5      | Reached XP level 4. HP: 11/21 MP: 5/5
   359 | D:5      | Found a staircase to the Ecumenical Temple.
   365 | Temple   | Entered the Ecumenical Temple
   497 | D:5      | Slain by a worker ant
   498 | D:5      | Reached XP level 3. HP: 0/17 MP: 4/4
   665 | D:4      | Noticed an ogre
   683 | D:5      | Killed an ogre
   684 | D:5      | Reached skill level 5 in Dodging
   684 | D:5      | Reached skill level 8 in Stealth
   684 | D:5      | Reached XP level 4. HP: 21/21 MP: 5/5
   704 | D:4      | Noticed a centaur
   714 | D:4      | Slain by a centaur

Illustrated notes

Levels and vault maps discovered:
D:4:      layout_gridville, nicolae_qazlal_style_of_elements, uniq_menkaure
D:5:      layout_cave_pools, temple_green, serial_shops, shop
Temple:   nicolae_temple_great_sept

Skill      XL: |  1  2  3 |
---------------+----------+-----
Dodging        | 4 5 |  5.5
Stealth        | 7 8 |  8.5
Fighting       | |  3.0
Unarmed Combat | |  2.0

Action                   |  1- 3 |  4- 6 || total
-------------------------+-------+-------++-------
Melee: Unarmed           |    27 |    23 ||    50
       Bite              |     4 |     4 ||     8
 Stab: Sleeping          |     1 |       ||     1
Dodge: Dodged            |    20 |    26 ||    46

Table legend: (Time is in decaauts)
 A = Elapsed time spent in this place.
 B = Non-inter-level travel time spent in this place.
 C = Inter-level travel time spent in this place.
 D = Time resting spent in this place.
 E = Time spent auto-exploring this place.
 F = Levels seen in this place.
 G = Mean time per level.
                   A        B        C        D        E       F      G
               +--------+--------+--------+--------+--------+-----+--------+
         Total |    611 |    574 |     37 |    136 |    355 |   3 |  203.7 |
       Dungeon |    545 |    518 |     27 |    136 |    302 |   2 |  272.5 |
        Temple |     65 |     55 |     10 |      0 |     53 |   1 |   65.0 |
               +--------+--------+--------+--------+--------+-----+--------+

Top non-repeatable levels by time:
     D:5: 532 daAuts
  Temple: 65 daAuts
     D:4: 12 daAuts
